 Dungeon Crawl Stone Soup version 0.27-a0-1101-ge311f74bc8 (webtiles) character file.

Game seed: 175466924318294358

378 wewepker the Chopper (level 6, -5/56 HPs)
             Began as a Minotaur Berserker on Apr 28, 2021.
             Was a Priest of Trog.
             Slain by an ogre
             ... wielding a +0 giant club
              (27 damage)
             ... on level 4 of the Dungeon.
             The game lasted 00:12:16 (5813 turns).

wewepker the Chopper (Minotaur Berserker)           Turns: 5813, Time: 00:12:16

Health: -5/56      AC: 14    Str: 23    XL:     6   Next: 45%
Magic:  5/5        EV:  8    Int:  5    God:    Trog [***...]
Gold:   122        SH:  6    Dex:  9    Spells: 5/5 levels left

rFire    . . .     SeeInvis .   w - +1 whip (elec)
rCold    . . .     Faith    +   s - +2 buckler
rNeg     + . .     Spirit   .   e - +1 chain mail {rN+}
rPois    .         Reflect  .   (helmet restricted)
rElec    .         Harm     .   k - +0 cloak
rCorr    .         Rampage  .   m - +0 pair of gloves
Will     .....                  d - +0 pair of boots
Stlth    ..........             q - amulet of faith
HPRegen  0.18/turn              (no ring)
MPRegen  0.09/turn              (no ring)

@: slowed, very slow
A: horns 2, retaliatory headbutt
a: Renounce Religion, Berserk, Trog's Hand


You were on level 4 of the Dungeon.
You worshipped Trog.
Trog was most pleased with you.
You visited 1 branch of the dungeon, and saw 4 of its levels.

You collected 122 gold pieces.

Inventory:

Hand Weapons
 w - a +1 whip of electrocution (weapon)
Armour
 d - a +0 pair of boots (worn)
 e - a +1 chain mail of positive energy (worn)
 k - a +0 cloak (worn)
 m - a +0 pair of gloves (worn)
 r - a +0 pair of gloves
 s - a +2 buckler (worn)
Jewellery
 q - an amulet of faith (around neck)
 u - a ring of fire
Scrolls
 a - a scroll of teleportation {unknown}
 g - a scroll of fog
 h - a scroll of noise
 j - a scroll of immolation {unknown}
 l - a scroll of amnesia {unknown}
 t - a scroll of holy word {unknown}
 v - 2 scrolls of identify
Potions
 c - a potion of curing
 f - a potion of flight
 o - a potion of mutation
 p - a potion of berserk rage {unknown}


   Skills:
 + Level 5.3 Fighting
 + Level 5.3 Axes
 + Level 4.6 Armour
 + Level 3.3 Dodging
 - Level 0.6 Stealth
 * Level 2.2 Shields


You had 5 spell levels left.
You didn't know any spells.
Your spell library was empty.

Dungeon Overview and Level Annotations

Branches:
Dungeon (4/15)
 Temple: D:4-7

Altars:

Shops:
D:3 =


Innate Abilities, Weirdness & Mutations

You have a pair of horns on your head.
You reflexively headbutt those who attack you in melee.


Message History

A dart slug comes into view.
The dart slug moves out of view.
Found a stone staircase leading up.
There is an open door here.
Found an escape hatch in the floor.
The dart slug launches a dart at you.
The slug dart hits you but does no damage.
There is a fountain of clear blue water here.
A dart slug is nearby!
An ogre comes into view. It is wielding a +0 giant club.
The ogre shouts!
A ball python comes into view.
The ball python hisses angrily.
A hornet comes into view.
The hornet buzzes angrily.
You hit the dart slug.
The dart slug is moderately wounded.
You block the dart slug's attack.
You hit the dart slug.
The dart slug is severely wounded.
The dart slug bites you.
You whack the dart slug!
You kill the dart slug!
Trog accepts your kill. You block the ogre's attack.
The ball python closely misses you. The ball python grabs you.
The ball python constricts you.
You hit the ball python.
You kill the ball python!
Trog accepts your kill. The ogre hits you with a +0 giant club.
You block the hornet's attack. You block the hornet's attack.
The hornet stings you but does no damage.
The ogre hits you with a +0 giant club!!
You miss the hornet. Your headbutt misses the hornet.
The hornet stings you but does no damage. x2
You hit the hornet. Lightning courses through the hornet!
The hornet is heavily wounded.
The hornet stings you!
You feel yourself slow down.
The ogre hits you with a +0 giant club!!
You die...

##.............†##..÷
##.#...##.........#...
#..#...........)......
#......#.......))...#.
#...#..##..........##.
#...#####..)........#.
#.#..# ###.#.........
##.##'## ####+###....
#..#..@### #....#
#....⌠yO.###... +.....
#..#....†...... #.....
##.###....<.... ##....
# ###.....## #....
#.⌠.## #...#. ....#
#.....## .>....###....
...... #....


You could see a hornet and an ogre.

Vanquished Creatures
  A howler monkey (D:4)
  An orc priest (D:3)
  A gnoll shaman (D:4)
  An iguana (D:4)
  9 gnolls (D:4)
  7 adders
  3 worms (D:3)
  4 dart slugs
  9 orcs (D:3)
  2 endoplasms
  3 giant cockroaches
  3 goblins
  4 hobgoblins
  9 jackals
  3 quokkas (D:2)
  10 ball pythons
  5 bats
  A frilled lizard (D:1)
  6 kobolds
  8 rats
90 creatures vanquished.

Vanquished Creatures (others)
  A hound (D:4)
  A ball python (D:4)
2 creatures vanquished.

Grand Total: 92 creatures vanquished

Notes
Turn   | Place    | Note
-------+----------+-------------------------------------------
     0 | D:1      | wewepker the Minotaur Berserker began the quest for the
                  | Orb.
     0 | D:1      | Reached XP level 1. HP: 19/19 MP: 0/0
   357 | D:1      | Reached XP level 2. HP: 19/27 MP: 1/1
  1372 | D:2      | Found a faded altar of an unknown god.
  1504 | D:2      | Reached XP level 3. HP: 9/33 MP: 2/2
  3311 | D:2      | Reached XP level 4. HP: 41/41 MP: 3/3
  3508 | D:3      | Reached ** piety under Trog
  3514 | D:3      | Reached skill level 5 in Axes
  3630 | D:3      | Found Kaedgh's Jewellery Boutique.
  4107 | D:3      | Reached XP level 5. HP: 32/47 MP: 4/4
  5052 | D:4      | Reached skill level 1 in Shields
  5395 | D:4      | Reached skill level 5 in Fighting
  5460 | D:4      | Reached XP level 6. HP: 56/56 MP: 5/5
  5803 | D:4      | Noticed a hornet
  5808 | D:4      | Reached *** piety under Trog
  5813 | D:4      | Slain by an ogre

Illustrated notes

Levels and vault maps discovered:
D:1:      minmay_arrival_up_and_down, layout_basic
D:2:      layout_loops_corners, serial_co_window_serial,
          co_window_of_opportunity_a, co_window_corner_a, co_window_corner_a,
          co_window_cross_1, co_window_corner_a, co_window_paths_c,
          co_window_of_opportunity_c, co_window_corner_ca, co_window_2corner,
          co_window_paths_d, glass_columns_a, glass_columns_a, glass_columns_a,
          basic_ecumenical_altar
D:3:      layout_basic, serial_shops, shop
D:4:      layout_cave_pools, grunt_ministairs_13, grunt_decor_resistance,
          lemuel_flame_loot_1

Skill      XL: |  1  2  3  4  5  6 |
---------------+-------------------+-----
Axes           | 4 5 |  5.3
Fighting       | 4 5 |  5.3
Armour         | 3 4 |  4.6
Dodging        | 3 |  3.3
Shields        | 1 2 |  2.2
Stealth        | |  0.6

Action                   |  1- 3 |  4- 6 || total
-------------------------+-------+-------++-------
Melee: Hand axe          |    53 |       ||    53
       Headbutt          |    11 |    30 ||    41
       Whip              |    41 |   150 ||   191
Invok: Berserk           |     2 |     3 ||     5
  Use: Scroll            |     4 |     1 ||     5
Armor: Animal skin       |    10 |       ||    10
       Chain mail        |    25 |   102 ||   127
Dodge: Dodged            |    74 |    68 ||   142
Block: Buckler           |       |    31 ||    31

Table legend: (Time is in decaauts)
 A = Elapsed time spent in this place.
 B = Non-inter-level travel time spent in this place.
 C = Inter-level travel time spent in this place.
 D = Time resting spent in this place.
 E = Time spent auto-exploring this place.
 F = Levels seen in this place.
 G = Mean time per level.
                   A        B        C        D        E       F      G
               +--------+--------+--------+--------+--------+-----+--------+
         Total |   5868 |   5716 |    152 |   1796 |   2676 |   4 | 1467.0 |
       Dungeon |   5868 |   5716 |    152 |   1796 |   2676 |   4 | 1467.0 |
               +--------+--------+--------+--------+--------+-----+--------+

Top non-repeatable levels by time:
     D:2: 2478 daAuts
     D:3: 1493 daAuts
     D:1: 985 daAuts
     D:4: 910 daAuts
